 Dungeon Crawl Stone Soup version 0.29.1-15-g9cfb28693d (webtiles) character file.

Game seed: 16004293966787194762

1089 DearestLeader the Destroyer (level 8, -1/61 HPs)
             Began as a Green Draconian Conjurer on Apr 12, 2023.
             Slain by Duvessa
             ... wielding a +0 short sword
              (7 damage)
             ... on level 5 of the Dungeon.
             The game lasted 00:15:19 (6123 turns).

DearestLeader the Destroyer (DrCj)                  Turns: 6123, Time: 00:15:20

Health: -1/61      AC:  9    Str:  9    XL:     8   Next: 9%
Magic:  6/13       EV: 12    Int: 20    God:
Gold:   67         SH:  0    Dex: 11    Spells: 3/14 levels left

rFire   . . .      SeeInvis .   D - +3 quarterstaff (chaos)
rCold   . . .      Faith    .   (shield currently unavailable)
rNeg    . . .      Spirit   .   (body armour unavailable)
rPois   +          Reflect  .   (helmet restricted)
rElec   .          Harm     .   C - +0 cloak
rCorr   .          Rampage  .   (no gloves)
Will    .....                   v - +1 pair of boots
Stlth   +.........              (no amulet)
HPRegen 0.20/turn               (no ring)
MPRegen 0.13/turn               (no ring)

@: lit by a corona, about to teleport, glowing
A: breathe noxious fumes, AC +6, unfitting armour, poison resistance,
cold-blooded
a: Breathe Noxious Fumes


You were on level 5 of the Dungeon.
You visited 1 branch of the dungeon, and saw 6 of its levels.

You collected 224 gold pieces.
You spent 157 gold pieces at shops.

Inventory:

Hand Weapons
 c - a +0 short sword
 d - a +1 dagger of holy wrath
 h - a +0 whip
 D - a +3 quarterstaff of chaos (weapon)
Armour
 v - a +1 pair of boots (worn)
 C - a +0 cloak (worn)
Jewellery
 t - the amulet of Elemental Vulnerability {rPois rF-- rC-- AC+8}
   (You took it off a gnoll on level 4 of the Dungeon)

   [amulet of nothing]

   AC:        It affects your AC (+8).
   rF:        It makes you very vulnerable to fire.
   rC:        It makes you very vulnerable to cold.
   rPois:     It protects you from poison.
 y - a ring of fire
Wands
 r - a wand of polymorph (4)
 x - a wand of flame (20)
Scrolls
 e - a scroll of teleportation
 f - a scroll of immolation {unknown}
 g - a scroll of blinking
 i - a scroll of magic mapping {unknown}
 l - 2 scrolls of amnesia {unknown}
 m - a scroll of vulnerability {unknown}
 q - a scroll of enchant armour
 u - a scroll of fog {unknown}
 B - a scroll of noise {unknown}
Potions
 a - 2 potions of magic
 b - a potion of flight
 j - a potion of haste
 k - 3 potions of brilliance
 n - 2 potions of curing {unknown}
 o - a potion of resistance {unknown}
 p - a potion of attraction
 s - 2 potions of lignification {unknown}
 w - a potion of ambrosia {unknown}
 z - 2 potions of cancellation {unknown}
 A - 2 potions of degeneration {unknown}


   Skills:
 - Level 2.0 Fighting
 - Level 2.0 Dodging
 - Level 2.0 Stealth
 + Level 3.5 Spellcasting
 * Level 8.3 Conjurations
 + Level 3.9 Hexes


You had 3 spell levels left.
You knew the following spells:

 Your Spells              Type           Power      Damage    Failure   Level
a - Magic Dart            Conj           100%       1d8       1%          1
b - Searing Ray           Conj           72%        2d7       1%          2
c - Fulminant Prism       Conj/Hex       14%        3d9       11%         4
d - Iskenderun's Mystic   Conj/Tloc      20%        2d6       24%         4

Your spell library contained the following spells:

 Spells                   Type           Power      Damage    Failure   Level
 Static Discharge         Conj/Air       20%        3-6/arc   3%          2
 Dazzling Flash           Conj/Hex       56%        N/A       3%          3
 Conjure Flame            Conj/Fire      20%        6-21      8%          3
 Apportation              Tloc           6%         N/A       14%         1
 Necrotise                Necr           12%        1d4       14%         1
 Summon Small Mammal      Summ           12%        N/A       14%         1
 Ignite Poison            Fire/Tmut/Pois 3%         N/A       38%         3
 Sticky Flame             Conj/Fire      20%        2d4       24%         4
 Lightning Bolt           Conj/Air       10%        1d23      56%         5
 Starburst                Conj/Fire      10%        6d5       98%         6
 Maxwell's Capacitive Co  Air            1%         ∞         100%        8


Dungeon Overview and Level Annotations

Branches:
Dungeon (6/15)
 Temple: D:4-7

Altars:
Ashenzari
Ru
Trog
The Shining One

Shops:
D:2 [===

Annotations:
D:5 Dowan, Duvessa


Innate Abilities, Weirdness & Mutations

You can breathe blasts of noxious fumes.
Your lurid green scales are hard. (AC +6)
You cannot fit into any form of body armour.
Your system is resistant to poisons. (rPois)
You are cold-blooded and may be slowed by cold attacks.


Message History

Duvessa attacks as you move away! Duvessa closely misses you.
The scorpion closely misses you. Duvessa attacks as you move away!
Duvessa closely misses you.
Dowan points at Duvessa and mumbles some strange words.
Duvessa seems to speed up.
Duvessa attacks as you move away! Duvessa hits you with a +0 short sword.
The scorpion attacks as you move away! The scorpion stings you.
Dowan gestures at you while chanting.
You are outlined in light.
Duvessa hits you with a +0 short sword.
Duvessa zaps a wand.
The puff of flame hits you.
Dowan casts a spell.
Dowan blinks!
Duvessa attacks as you move away! Duvessa hits you but does no damage.
The orc wizard casts a spell.
The orc wizard flickers and vanishes!
Deactivating autopickup; reactivate with Ctrl-A.
Duvessa zaps a wand.
The puff of flame hits you.
* * * LOW HITPOINT WARNING * * *
Dowan attacks as you move away! Dowan misses you.
Duvessa hits you with a +0 short sword.
* * * LOW HITPOINT WARNING * * *
Duvessa attacks as you move away! Duvessa barely misses you.
Dowan hits you with a +0 dagger.
* * * LOW HITPOINT WARNING * * *
Duvessa hits you but does no damage. Dowan attacks as you move away!
Dowan hits you but does no damage. Duvessa attacks as you move away!
Duvessa barely misses you.
There is a stone staircase leading up here.
Duvessa gestures with her weapon.
Duvessa zaps a wand.
The puff of flame hits you but does no damage.
Dowan says, "My weaknesses are her strengths!"
Dowan hits you but does no damage. Duvessa hits you with a +0 short sword.
* * * LOW HITPOINT WARNING * * *
You climb upwards.
Reactivating autopickup.
There is a stone staircase leading down here.
As you read the scroll of teleportation, it crumbles to dust.
You feel strangely unstable. Duvessa hits you with a +0 short sword!
You die...

...#..............##........##
...#............####...######
......##..........##...#
#.....##...........#...#
##...##................###
##....#.....<............#
...##.#..................#
....#...####...e.e.......#
...##....<##...[@......#.##
#...#..........[......##..##
##........#...............(##
#.........#.................#
.........................8..#
..#....###+###..............#
..##...# #.# #...###..#....##
..##...###)###..####.#######
..#....'.._###....####


You could see Duvessa (fast) and Dowan.

Vanquished Creatures
  Edmund (D:5)
  A water moccasin (D:5)
  A sky beast (D:5)
  2 ogres (D:4)
  A centaur (D:5)
  A howler monkey (D:5)
  A crimson imp (D:4)
  A hound (D:5)
  Crazy Yiuf (D:5)
  An orc priest (D:5)
  2 iguanas
  Jessica (D:3)
  Ijyb (D:5)
  4 orc wizards
  3 gnolls (D:4)
  6 adders
  A worm (D:2)
  11 orcs
  4 ball pythons
  8 bats
  3 endoplasms
  2 giant cockroaches
  4 goblins
  3 quokkas
  2 frilled lizards
  4 goblin zombies (D:4)
  3 hobgoblin zombies (D:4)
  7 kobolds
  2 orc skeletons (D:4)
  An orc zombie (D:4)
  5 rats
88 creatures vanquished.

Notes
Turn   | Place    | Note
-------+----------+-------------------------------------------
     0 | D:1      | DearestLeader the Draconian Conjurer began the quest for
                  | the Orb.
     0 | D:1      | Reached XP level 1. HP: 14/14 MP: 3/3
   484 | D:1      | Reached XP level 2. HP: 22/22 MP: 1/5
  1061 | D:1      | Learned a level 2 spell: Searing Ray
  1306 | D:2      | Found Jachoiff's Antique Armour Emporium.
  1410 | D:2      | Reached skill level 1 in Fighting
  1464 | D:2      | Found Vuvitoep's Jewellery Boutique.
  1485 | D:2      | Reached XP level 3. HP: 28/28 MP: 4/6
  1650 | D:2      | Found Bepael Jaint's Jewellery Shoppe.
  1827 | D:2      | Found Fisen's Jewellery Boutique.
  2205 | D:3      | Found a faded altar of an unknown god.
  2363 | D:3      | Noticed Jessica
  2369 | D:3      | Killed Jessica
  2370 | D:3      | Reached XP level 4. HP: 36/36 MP: 2/7
  2448 | D:3      | Reached skill level 5 in Conjurations
  2717 | D:3      | Found a bloodstained altar of Trog.
  2744 | D:3      | Reached XP level 5. HP: 38/41 MP: 9/9
  2884 | D:3      | Learned a level 4 spell: Fulminant Prism
  3081 | D:4      | Found a glowing golden altar of the Shining One.
  3321 | D:4      | Noticed an ogre
  3326 | D:4      | Killed an ogre
  3327 | D:4      | Reached skill level 6 in Conjurations
  3327 | D:4      | Reached skill level 1 in Hexes
  3327 | D:4      | Reached XP level 6. HP: 48/48 MP: 4/10
  3332 | D:4      | Learned a level 4 spell: Iskenderun's Mystic Blast
  4093 | D:4      | Found a sacrificial altar of Ru.
  4274 | D:2      | Bought a pair of embroidered boots for 157 gold pieces
  4301 | D:5      | Entered Level 5 of the Dungeon
  4431 | D:5      | Noticed a water moccasin
  4441 | D:5      | Killed a water moccasin
  4442 | D:5      | Reached skill level 7 in Conjurations
  4442 | D:5      | Your scales start taking on a lurid green colour.
  4442 | D:5      | Reached XP level 7. HP: 20/55 MP: 0/11
  4442 | D:5      | Gained mutation: Your system is resistant to poisons.
                  | (rPois) [Green Draconian growth]
  4808 | D:5      | Noticed Ijyb
  4815 | D:5      | Killed Ijyb
  4943 | D:5      | Found a broken altar of Ashenzari.
  4964 | D:5      | Noticed Edmund
  5009 | D:5      | Killed Edmund
  5719 | D:5      | Found a runed translucent door.
  5720 | D:5      | Noticed Crazy Yiuf
  5726 | D:5      | Killed Crazy Yiuf
  5727 | D:5      | Reached skill level 8 in Conjurations
  5849 | D:5      | Reached XP level 8. HP: 56/61 MP: 2/13
  6096 | D:6      | Noticed Duvessa
  6096 | D:6      | Noticed Dowan
  6123 | D:5      | Slain by Duvessa

Illustrated notes

Levels and vault maps discovered:
D:1:      dpeg_arrival_prison, layout_basic, minmay_misc_feat_rugged
D:2:      layout_rooms, serial_shops, nicolae_shop_crystal, shop,
          nicolae_shop_hallway_plus, nicolae_lakefront_shop
D:3:      layout_loops_ring, nicolae_overflow_crystal_walls,
          ebering_ecumenical_altar_ruins, uniq_jessica
D:4:      cheibrodos_quashed, layout_gridville,
          mainiacjoe_overflow_surrounded_room, nicolae_tso_besieged_by_evil,
          nicolae_concentric_dashed_squares_mild
D:5:      layout_cave_pools, lemuel_doored_altar, serial_column_ruins,
          column_ruins_hut, column_ruins_corridor_dead_end, column_ruins_grid_4,
          column_ruins_open_small, column_ruins_open_tiny,
          column_ruins_open_tiny, column_ruins_open_medium, uniq_ijyb,
          uniq_edmund, uniq_crazy_yiuf_cottage
D:6:      layout_rooms, slow_altar_2, nicolae_shop_sticking_my_neck_out,
          uniq_duvessa

Skill      XL: |  1  2  3  4  5  6  7 |
---------------+----------------------+-----
Stealth        | 2 |  2.0
Dodging        | 2 |  2.0
Fighting       | 1 2 |  2.0
Conjurations   | 5 6 7 8 |  8.3
Spellcasting   | 3 |  3.5
Hexes          | 1 2 3 |  3.9

Action                   |  1- 3 |  4- 6 |  7- 9 || total
-------------------------+-------+-------+-------++-------
Melee: Whip              |    21 |       |       ||    21
       Tailslap          |     4 |     7 |    14 ||    25
       Dagger            |       |    76 |    74 ||   150
       Punch             |       |       |     3 ||     3
       Quarterstaff      |       |       |     8 ||     8
 Cast: Magic Dart        |    62 |    17 |     7 ||    86
       Searing Ray       |     4 |    18 |    15 ||    37
 Abil: Breathe Noxious F |       |       |     1 ||     1
Evoke: Wand              |       |       |     3 ||     3
  Use: Scroll            |     3 |     4 |     2 ||     9
 Stab: Sleeping          |       |     1 |     1 ||     2
Armor: Skin              |     9 |    28 |    70 ||   107
Dodge: Dodged            |    15 |    48 |    81 ||   144
